 Dungeon Crawl Stone Soup version 0.32-a0-704-g0ab5258 (webtiles) character file.

Game seed: 11307621921454243612

704 dbPgr the Skirmisher (level 7, -3/48 HPs)
             Began as a Barachi Hexslinger on Mar 14, 2024.
             Killed from afar by Duvessa (16 damage)
             ... with a bolt of light
             ... on level 4 of the Dungeon.
             The game lasted 00:09:22 (3612 turns).

dbPgr the Skirmisher (Barachi Hexslinger)           Turns: 3612, Time: 00:09:22

Health: -3/48      AC:  2    Str:  9    XL:     7   Next: 67%
Magic:  5/8        EV: 11    Int: 19    God:
Gold:   116        SH:  0    Dex: 17    Spells: 6/8 levels left

rFire   . . .        a - +1 sling
rCold   . . .        (no shield)
rNeg    . . .        c - +0 robe
rPois   .            (no helmet)
rElec   .            (no cloak)
rCorr   .            (no gloves)
SInv    .            (no boots)
Will    .....        (no amulet)
Stlth   +            i - +6 ring of intelligence
HPRegen 0.28/turn    (no ring)
MPRegen 0.11/turn

%: no passive effects
@: confused, weak-willed, unable to hop, jinxed, slow
A: amphibious, slowness 1, strong legs 1, +LOS
a: Hop


You were on level 4 of the Dungeon.
You visited 1 branch of the dungeon, and saw 4 of its levels.

You collected 155 gold pieces.
You spent 39 gold pieces at shops.

Inventory:

Hand Weapons
 a - a +1 sling (weapon)
Armour
 c - a +0 robe (worn)
Jewellery
 i - a +6 ring of intelligence (left hand)
Wands
 o - a wand of warping (9)
 r - a wand of light (9) (quivered)
 s - a wand of polymorph (5)
Scrolls
 b - a scroll of poison
 f - a scroll of noise {unknown}
 g - a scroll of revelation {unknown}
 h - a scroll of teleportation
 l - a scroll of vulnerability {unknown}
 m - 3 scrolls of identify {unknown}
 n - a scroll of fog {unknown}
 p - a scroll of enchant armour {unknown}
Potions
 d - a potion of curing
 e - 2 potions of enlightenment {unknown}
 j - a potion of berserk rage {unknown}
 k - a potion of ambrosia {unknown}
 q - a potion of mutation {unknown}
 t - 2 potions of resistance {unknown}


   Skills:
 - Level 1.2 Fighting
 + Level 8.4 Ranged Weapons
 - Level 2.1 Dodging
 - Level 1.1 Spellcasting
 - Level 3.2 Hexes
 - Level 1.1 Fire Magic


You had 6 spell levels left.
You knew the following spells:

 Your Spells              Type           Power      Damage    Failure   Level
a - Jinxbite              Hex            26%        N/A       8%          2

Your spell library contained the following spells:

 Spells                   Type           Power      Damage    Failure   Level
 Sigil of Binding         Hex            13%        N/A       14%         3
 Sting                    Conj/Alch      4%         1d3       19%         1
 Inner Flame              Hex/Fire       9%         N/A       22%         3
 Mercury Vapours          Alch/Air       2%         N/A       28%         2
 Cause Fear               Hex            6%         N/A       43%         4
 Gell's Gravitas          Tloc           1%         N/A       50%         3
 Teleport Other           Tloc           1%         N/A       50%         3
 Dimensional Bullseye     Hex/Tloc       3%         N/A       67%         4
 Olgreb's Toxic Radiance  Alch           1%         N/A       88%         4
 Dispersal                Tloc           0%         N/A       100%        6


Dungeon Overview and Level Annotations

Branches:
Dungeon (4/15)
 Temple: D:4-7

Altars:

Shops:
D:3 *(

Annotations:
D:2 1 runed translucent door, Crazy Yiuf
D:3 3 runed translucent doors, december12's ghost, amateur BaMo
D:4 Dowan; Duvessa


Innate Abilities, Weirdness & Mutations

You are amphibious.
You cover ground slowly.
You can hop short distances.
You have an extended range of vision and can be seen from far away.


Message History

A giggling sprite leaps out and bonks Dowan with his +0 dagger.
Dowan is moderately wounded.
A giggling sprite leaps out and smacks Duvessa with her own hand.
Duvessa is heavily wounded.
The jinxing sprites lose interest in you.
Aiming: Bolt of Light
Press: ? - help, Q - select action, (/) - cycle Shift-Dir - straight line, f - Dowan, p - Duvessa
Aim: Dowan, wielding a +0 dagger and wearing a +0 robe (moderately wounded, heavily drained, 60% to hit)
The bolt of light hits Duvessa.
Duvessa is severely wounded.
The bolt of light misses Dowan.
Unknown command.
Unknown command.
Casting: Jinxbite (safe; 8% risk of failure)
Confirm with . or Enter, or press ? or * to list all spells.
You beckon some vexing sprites to accompany your attacks.
You feel your willpower being sapped.
You shoot a sling bullet.
The sling bullet hits Duvessa but does no damage.
Duvessa is severely wounded.
Duvessa shouts!
You shoot a sling bullet. The sling bullet hits Duvessa.
Duvessa is severely wounded.
Duvessa seems less drained.
Dowan seems less drained.
Duvessa closely misses you.
You shoot a sling bullet.
The sling bullet hits Duvessa but does no damage.
Duvessa is severely wounded.
Duvessa zaps a wand.
The bolt of light hits you! Dowan casts a spell at you.
The puff of flame hits you.
* * * LOW HITPOINT WARNING * * *
Aiming: Bolt of Light
Press: ? - help, Q - select action, (/) - cycle Shift-Dir - straight line, f/p - Duvessa
Aim: Duvessa, wielding a +0 short sword, wearing a +0 chain mail and carrying a wand of light (severely wounded, blind, unable to see you, chance to call a sprite on attack: 29%, 83% to hit)
The bolt of light hits Duvessa!
Duvessa is almost dead.
Duvessa zaps a wand.
The bolt of light hits you!
You are confused.
You die...

..........#..##.......##########
...........#.##)#.#....##......#
...........#.#..#.#.......####..#
.............#.##....(...........
########............<..#####.####
.......#..........##...# .#
.#####.##.........##...# ..
.#...#.##.........##...# . .e
.#.###.#........@e.....###... K
.#.....#........e†...........
.#############..####...###..
.#...........#### #...$.....
.#.###.#####.# #....###..
.#.#.#.#...#.# ##§.##
.#)#.#.#.###.# ..# .#...#.#.....#
... ######.#.########### ..l.


You could see Duvessa (blind, unable to see you) and Dowan.

Vanquished Creatures
  Grinder (D:3)
  Eustachio (D:4)
  A black bear (D:4)
  Natasha (thrice) (D:2)
  An iguana (D:4)
  6 gnolls
  3 adders
  2 ribbon worms (D:3)
  3 dart slugs (D:4)
  7 orcs
  6 bats
  6 endoplasms
  7 giant cockroaches
  7 goblins
  4 hobgoblins
  4 jackals (D:1)
  7 kobolds
  3 quokkas
  7 ball pythons
  A frilled lizard (D:2)
  6 rats
86 creatures vanquished.

Notes
Turn   | Place    | Note
-------+----------+-------------------------------------------
     0 | D:1      | dbPgr the Barachi Hexslinger began the quest for the Orb.
     0 | D:1      | Reached XP level 1. HP: 15/15 MP: 2/2
   151 | D:1      | Reached XP level 2. HP: 17/21 MP: 3/3
   501 | D:1      | Reached skill level 3 in Ranged Weapons
   846 | D:2      | Reached XP level 3. HP: 8/26 MP: 4/4
   998 | D:1      | Learned a level 2 spell: Jinxbite
  1091 | D:2      | Reached skill level 4 in Ranged Weapons
  1168 | D:2      | Reached XP level 4. HP: 32/32 MP: 5/5
  1329 | D:2      | Found a runed translucent door.
  1330 | D:2      | Noticed Crazy Yiuf
  1517 | D:2      | Noticed Natasha
  1524 | D:2      | Killed Natasha
  1603 | D:2      | Noticed Natasha
  1610 | D:2      | Killed Natasha
  1611 | D:2      | Reached skill level 5 in Ranged Weapons
  1611 | D:2      | Reached XP level 5. HP: 34/37 MP: 3/6
  1716 | D:2      | Noticed Natasha
  1724 | D:2      | Killed Natasha
  2010 | D:3      | Reached skill level 6 in Ranged Weapons
  2123 | D:3      | Reached XP level 6. HP: 43/43 MP: 4/7
  2293 | D:3      | Found Karimp's General Store.
  2302 | D:3      | Bought a scroll of teleportation for 39 gold pieces
  2367 | D:3      | Found a runed translucent gate.
  2367 | D:3      | Found a runed translucent gate.
  2368 | D:3      | Found a runed translucent gate.
  2401 | D:3      | Noticed december12's ghost (amateur BaMo)
  2449 | D:3      | Found Osseeref's Weapon Shoppe.
  2733 | D:4      | Noticed Dowan
  2799 | D:4      | Noticed Eustachio
  2973 | D:4      | Killed Eustachio
  2974 | D:4      | Reached skill level 7 in Ranged Weapons
  3057 | D:4      | Noticed Grinder
  3079 | D:3      | Killed Grinder
  3080 | D:3      | Reached XP level 7. HP: 48/48 MP: 2/8
  3205 | D:4      | Reached skill level 8 in Ranged Weapons
  3597 | D:4      | Noticed Duvessa
  3612 | D:4      | Killed from afar by Duvessa

Illustrated notes

Levels and vault maps discovered:
D:1:      minmay_arrival_three_doors, layout_loops_ring
D:2:      layout_rooms, serial_park_tiny_1, chequers_arboretum,
          minmay_worlds_worst_comb, uniq_natasha, uniq_crazy_yiuf_cottage
D:3:      layout_rooms, serial_shops, shop, nicolae_shop_window_shopping,
          serial_corexii_hall, chequers_hall_statues_corner_a,
          chequers_hall_statues_y, gammafunk_ghost_necromancy,
          kennysheep_generic_room_6
D:4:      mumra_celtic_spiral_tile, layout_rooms, kennysheep_minor_cross,
          uniq_duvessa, uniq_eustachio, uniq_grinder

Skill      XL: |  1  2  3  4  5  6  7 |
---------------+----------------------+-----
Ranged Weapons | 3 4 5 6 7 8 |  8.4
Fighting       | |  1.2
Dodging        | |  2.1
Spellcasting   | |  1.1
Hexes          | |  3.2
Fire Magic     | |  1.1

Action                     |  1- 3 |  4- 6 |  7- 9 || total
---------------------------+-------+-------+-------++-------
   Fire: Sling             |   125 |   192 |    38 ||   355
   Cast: Jinxbite          |       |    15 |     4 ||    19
Ability: Hop               |     2 |     2 |     1 ||     5
  Evoke: Wand              |       |       |     3 ||     3
    Use: Scroll            |       |     1 |       ||     1
         Potion            |       |     1 |       ||     1
 Armour: Robe              |    39 |    45 |    20 ||   104
         Skin              |       |     5 |       ||     5
  Dodge: Dodged            |    57 |    49 |    21 ||   127

Table legend: (Time is in decaauts)
 A = Elapsed time spent in this place.
 B = Non-inter-level travel time spent in this place.
 C = Inter-level travel time spent in this place.
 D = Time resting spent in this place.
 E = Time spent auto-exploring this place.
 F = Levels seen in this place.
 G = Mean time per level.
                   A        B        C        D        E       F      G
               +--------+--------+--------+--------+--------+-----+--------+
         Total |   4139 |   3827 |    312 |     10 |   3149 |   4 | 1034.8 |
       Dungeon |   4139 |   3827 |    312 |     10 |   3149 |   4 | 1034.8 |
               +--------+--------+--------+--------+--------+-----+--------+

Top non-repeatable levels by time:
     D:2: 1221 daAuts
     D:1: 984 daAuts
     D:4: 972 daAuts
     D:3: 961 daAuts
